[Event "GER-ch Youth U12M 2018"]
[Site "Willingen"]
[Date "2018.05.23"]
[Round "7"]
[White "Schubert, Nikita"]
[Black "Eilenberg, Jonas"]
[Result "1/2-1/2"]
[ECO "D30"]
[WhiteElo "1802"]
[BlackElo "1852"]
[Annotator "NA RC"]
[PlyCount "84"]
[EventDate "2018.05.19"]
[EventType "swiss"]
[EventCountry "GER"]
[SourceTitle "playchess.com"]
[Source "ChessBase"]
[SourceQuality "1"]
[TimeControl "40/4500+30:900+30"]

1. d4 d5 2. c4 e6 3. Nf3 c6 4. g3 dxc4 5. Bg2 Nf6 6. Ne5 Be7 7. O-O O-O 8. Nc3 Nbd7 9. Nxc4 Nb6 {[%emt 0:01:58] E06: Katalanisch} (9... c5 10. Bf4 cxd4 11. Qxd4 Nb6 12. Qxd8 Bxd8 13. Ne3 Re8 14. Bd6 Be7 15. Rfd1 Bxd6 16. Rxd6 Rb8 17. Nb5 {1-0 (40) Stupak,K (2588)-Tokranovs,D (2348) Katowice 2017}) 10. Ne5 Nbd5 11. e4 Nxc3 12. bxc3 Nd7 13. Bf4 $146 ({Vorgänger:} 13. Nxd7 Bxd7 14. Rb1 b5 15. e5 c5 16. Qg4 Kh8 17. Be4 {1-0 (38) Atkinson,P (2189)-Fien,A (2150) Germany 2011}) 13... Nxe5 14. Bxe5 f6 (14... g5 $11) 15. Bf4 Qa5 16. Qb3 Kh8 17. e5 f5 18. Bd2 Qc7 19. Rfe1 a5 20. a4 Rd8 21. Qa2 Ra6 22. Bf1 Ra8 23. Bg2 Ra6 24. Bf1 Ra8 25. Bc4 Qd7 26. Rab1 Re8 27. Bc1 Bd8 28. Ba3 Bc7 29. Bc5 Qd8 30. Qb3 Qg5 31. f4 Qg6 32. Be2 Qf7 33. Bf3 Ra6 34. Be2 Ra8 35. Kh1 b6 36. Bd6 Rb8 37. Bxc7 Qxc7 38. c4 Ba6 39. Kg1 Qa7 40. Qc3 h6 41. Qe3 $16 Red8 42. Red1 Qa8 1/2-1/2

[Event "GER-ch Youth U12M 2018"]
[Site "Willingen"]
[Date "2018.05.23"]
[Round "7"]
[White "May, Ben-Iven"]
[Black "Haack, Kevin"]
[Result "0-1"]
[ECO "B70"]
[WhiteElo "1769"]
[BlackElo "1846"]
[Annotator "NA RC"]
[PlyCount "83"]
[EventDate "2018.05.19"]
[EventType "swiss"]
[EventCountry "GER"]
[SourceTitle "playchess.com"]
[Source "ChessBase"]
[SourceQuality "1"]
[TimeControl "40/4500+30:900+30"]

1. e4 c5 2. Nf3 d6 3. d4 cxd4 4. Nxd4 Nf6 {[%emt 0:00:14] LiveBook: 94506 Games} 5. Nc3 g6 6. Be2 Bg7 7. O-O O-O 8. Be3 Nc6 9. f4 Bd7 10. Kh1 Rc8 11. Qd2 a6 12. a4 Bg4 {[%emt 0:07:01] B73: Sicilian Dragon: Classical System without 9 Nb3} (12... Qc7 13. Nb3 Na5 14. Nxa5 Qxa5 15. Bf3 Be6 16. Rfd1 Rc4 17. Qf2 Ng4 18. Bxg4 Bxg4 19. Rd3 Bxc3 20. Rxc3 Rxe4 21. h3 Bd7 22. Bd4 Qf5 23. Rf1 Bxa4 24. Rc7 Bc6 25. Kh2 Qd5 {0-1 (25) Tancsa,R (2205)-Tolnai,T (2508) Hungary 2002}) 13. Rad1 Bxe2 $146 ({Predecessor:} 13... Qd7 14. f5 Ne5 15. fxg6 fxg6 16. Bh6 Bxe2 17. Ndxe2 Nc4 18. Qc1 Bxh6 19. Qxh6 Nxb2 20. Rd4 {1-0 (30) Musiatowicz,P (1909)-Mankowski,S Mazowsze 2009}) 14. Qxe2 Qa5 15. Nb3 Qc7 16. g4 Nb4 17. Rf2 Rfd8 18. a5 Nd7 19. Rdf1 Bxc3 20. bxc3 Qxc3 21. Nd4 Nf6 22. Qf3 Nxg4 23. Qxg4 Qxe3 24. f5 {[%emt 0:00:52] [#]} g5 $4 (24... Qxd4 25. fxg6 fxg6 26. Qe6+ Kh8 27. Qxe7 $11) (24... h5 $1 $19 {[%cal Rh5g4] and all is fine.} 25. Qf3 Qxd4 26. fxg6 fxg6) 25. f6 e5 26. Nf5 Qc5 27. Qxg5+ Kf8 28. Qg7+ Ke8 29. Qg8+ Kd7 30. Qxf7+ Kc6 31. Ne7+ Kc7 32. Nxc8+ $18 Kxc8 33. Qe6+ Kb8 34. f7 Qc6 35. f8=Q Qxe4+ 36. Qf3 Qd4 37. c3 Qc5 38. cxb4 Qb5 39. Qed5 Qd7 40. b5 Ka7 41. bxa6 bxa6 42. Qff7 0-1

[Event "GER-ch Youth U12M 2018"]
[Site "Willingen"]
[Date "2018.05.23"]
[Round "7"]
[White "Bakiev, Diyor"]
[Black "Hoke, Adrian Neo"]
[Result "1-0"]
[ECO "C52"]
[WhiteElo "1752"]
[BlackElo "1628"]
[Annotator "NA RC"]
[PlyCount "65"]
[EventDate "2018.05.19"]
[EventType "swiss"]
[EventCountry "GER"]
[SourceTitle "playchess.com"]
[Source "ChessBase"]
[SourceQuality "1"]
[TimeControl "40/4500+30:900+30"]

1. e4 e5 2. Nf3 Nc6 3. Bc4 Bc5 4. b4 Bxb4 5. c3 Ba5 6. d4 exd4 7. O-O d6 8. cxd4 Nge7 9. Ng5 d5 10. exd5 Nxd5 11. Nxf7 Kxf7 12. Qf3+ Ke8 13. Bxd5 Rf8 14. Bxc6+ bxc6 15. Qxc6+ Bd7 16. Qe4+ Kf7 17. Qd5+ Be6 18. Qxa5 Qxd4 19. Qc3 Qd7 20. Bb2 Kg8 21. Nd2 Rf5 22. Nb3 Rg5 23. Rad1 Bd5 24. f3 Rf8 25. Qe3 Rg6 26. Rde1 Qh3 27. Qd2 Bxf3 28. Rf2 Bc6 29. Rxf8+ Kxf8 30. Ba3+ Kf7 31. Re7+ Kf6 32. Qf4+ Qf5 33. Rf7+ 1-0

[Event "GER-ch Youth U12M 2018"]
[Site "Willingen"]
[Date "2018.05.23"]
[Round "7"]
[White "Hecht, Jonas Christian"]
[Black "Stepanov, Maximilian"]
[Result "1-0"]
[ECO "B06"]
[WhiteElo "1713"]
[BlackElo "1300"]
[Annotator "NA RC"]
[PlyCount "127"]
[EventDate "2018.05.19"]
[EventType "swiss"]
[EventCountry "GER"]
[SourceTitle "playchess.com"]
[Source "ChessBase"]
[SourceQuality "1"]
[TimeControl "40/4500+30:900+30"]

1. e4 d6 2. d4 g6 3. Nc3 Bg7 4. Be3 Nd7 5. Qd2 e6 6. O-O-O c6 7. Bd3 Qc7 8. g4 b5 9. Kb1 Bb7 10. f3 a5 11. h4 a4 12. Nce2 Ba6 13. h5 c5 14. c3 Qb7 15. dxc5 dxc5 16. Bc2 Ne7 17. Nf4 Qc6 18. h6 Be5 19. Nge2 Nb6 20. Nd3 Nc4 21. Qc1 Bd6 22. Bf2 Rb8 23. b3 axb3 24. axb3 Ne5 25. Nxe5 Bxe5 26. Qe3 c4 27. b4 Bb7 28. Nd4 Qa6 29. Kb2 Nc6 30. Nxc6 Qxc6 31. Qc5 Qxc5 32. Bxc5 Rd8 33. Bb6 Rd7 34. Rxd7 Kxd7 35. Rd1+ Kc6 36. Bc5 Bf4 37. Be7 Bxh6 38. Rh1 Bf4 39. Bf6 Rc8 40. Rxh7 Rc7 41. e5 Kb6 42. Bd8 Bxe5 43. Rxf7 Kc6 44. Be4+ Kb6 45. Bxg6 Bd5 46. Be4 Kc6 47. Bxd5+ exd5 48. Bxc7 Bxc7 49. g5 Be5 50. g6 d4 51. cxd4 Bxd4+ 52. Kc2 Be5 53. g7 Bxg7 54. Rxg7 Kd5 55. Rg5+ Kd4 56. Rxb5 c3 57. f4 Kc4 58. Rh5 Kxb4 59. f5 Kc4 60. f6 Kd4 61. f7 Ke4 62. f8=R Kd4 63. Re8 Kc4 64. Re4# {Kd5} 1-0

[Event "GER-ch Youth U12M 2018"]
[Site "Willingen"]
[Date "2018.05.23"]
[Round "7"]
[White "Prieb, Robert"]
[Black "Gluma, Christian"]
[Result "1/2-1/2"]
[ECO "D37"]
[WhiteElo "1709"]
[BlackElo "1601"]
[Annotator "NA RC"]
[PlyCount "45"]
[EventDate "2018.05.19"]
[EventType "swiss"]
[EventCountry "GER"]
[SourceTitle "playchess.com"]
[Source "ChessBase"]
[SourceQuality "1"]
[TimeControl "40/4500+30:900+30"]

1. d4 d5 2. c4 e6 3. Nc3 Nf6 4. Nf3 Be7 5. Bf4 O-O 6. e3 Nbd7 7. c5 Ne4 8. Qc2 f5 9. Bd3 c6 10. O-O g5 11. Bg3 h5 12. Ne5 Nxg3 13. Nxd7 Nxf1 14. Nxf8 Nxe3 15. fxe3 Qxf8 16. Rf1 Qg7 17. Qe2 g4 18. Qf2 Bd7 19. Ne2 Rf8 20. Nf4 h4 21. g3 h3 22. Nh5 Qh6 23. Nf4 1/2-1/2

[Event "GER-ch Youth U12M 2018"]
[Site "Willingen"]
[Date "2018.05.23"]
[Round "7"]
[White "Werner, Denis"]
[Black "Lutz, Adam"]
[Result "1-0"]
[ECO "B22"]
[WhiteElo "1706"]
[BlackElo "1761"]
[Annotator "NA RC"]
[PlyCount "111"]
[EventDate "2018.05.19"]
[EventType "swiss"]
[EventCountry "GER"]
[SourceTitle "playchess.com"]
[Source "ChessBase"]
[SourceQuality "1"]
[TimeControl "40/4500+30:900+30"]

1. e4 c5 2. c3 d5 3. exd5 Qxd5 4. d4 e6 5. Nf3 Nf6 6. Be2 Nc6 7. O-O Be7 8. c4 Qd7 9. dxc5 Bxc5 10. Nc3 O-O 11. a3 Be7 12. b4 Rd8 13. Bb2 b6 14. Qc2 Bb7 15. Rad1 Qc7 16. Bd3 h6 17. Rfe1 Rd7 18. Ne2 Rad8 19. Ng3 Qb8 20. Bc3 Qa8 21. Rd2 a5 22. Ra1 Kh8 23. b5 Nd4 24. Nxd4 Bxg2 25. Bf1 Be4 26. Nxe4 Qxe4 27. Bg2 Qxc2 28. Rxc2 Rxd4 29. Bxd4 Rxd4 30. a4 Bc5 31. Bf3 Rf4 32. Kg2 Nd7 33. Re1 g5 34. Bc6 Nf6 35. f3 Nh5 36. Re4 Rf6 37. Rd2 Nf4+ 38. Kf1 Ng6 39. Rd3 Nf4 40. Rd8+ Kg7 41. Re1 Kg6 42. Rc8 Kh5 43. Be4 e5 44. Rb1 Ne6 45. Bd5 Bd4 46. Rc6 Kh4 47. Bxe6 fxe6 48. Ke2 Kh3 49. c5 Bxc5 50. Rxc5 bxc5 51. Kd3 Rxf3+ 52. Ke4 Rf4+ 53. Kxe5 Rxa4 54. b6 Rf4 55. Rb2 g4 56. Kxf4 1-0

[Event "GER-ch Youth U12M 2018"]
[Site "Willingen"]
[Date "2018.05.23"]
[Round "7"]
[White "Phan Trong, Dai"]
[Black "Hagenbeck-Hübert, Ben"]
[Result "1/2-1/2"]
[ECO "A25"]
[WhiteElo "1579"]
[BlackElo "1749"]
[Annotator "NA RC"]
[PlyCount "126"]
[EventDate "2018.05.19"]
[EventType "swiss"]
[EventCountry "GER"]
[SourceTitle "playchess.com"]
[Source "ChessBase"]
[SourceQuality "1"]
[TimeControl "40/4500+30:900+30"]

1. c4 e5 2. Nc3 Nc6 3. g3 Bc5 4. Bg2 Nge7 5. e3 O-O 6. Nf3 d6 7. O-O f5 8. d4 Bb6 9. d5 Nb8 10. a3 Nd7 11. b4 Ng6 12. Re1 Nf6 13. Bb2 e4 14. Nd4 Ne5 15. Qb3 a6 16. Na4 Ba7 17. Red1 Bd7 18. c5 b5 19. cxb6 cxb6 20. Nc6 Qe8 21. Bxe5 dxe5 22. Nb2 Kh8 23. Rac1 b5 24. Qc3 Bb8 25. d6 Bxc6 26. Qxc6 Ra7 27. a4 Qxc6 28. Rxc6 Rd8 29. h3 Kg8 30. Bf1 Kf8 31. axb5 axb5 32. Rb6 Rad7 33. Rxb5 Rxd6 34. Rxd6 Bxd6 35. Nc4 Be7 36. Nxe5 Nd5 37. Nc6 Rd6 38. Rc5 g6 39. Nxe7 Kxe7 40. b5 Kd7 41. g4 f4 42. exf4 Nxf4 43. Re5 Re6 44. Rxe6 Nxe6 45. Kg2 g5 46. Kg3 h6 47. Bc4 Nc5 48. f4 exf3 49. Kxf3 Kd6 50. Ke3 Ke5 51. Bd3 Kd5 52. Bf5 Kc4 53. b6 Kb5 54. Kd4 Kxb6 55. Ke5 Kc7 56. Kf6 Kd8 57. Kg6 Ke7 58. Kg7 Nb7 59. Kxh6 Kf6 60. Be6 Nc5 61. Bd5 Nd3 62. Bg2 Nf4 63. Bf1 Ng6 1/2-1/2

[Event "GER-ch Youth U12M 2018"]
[Site "Willingen"]
[Date "2018.05.24"]
[Round "8"]
[White "Foerster-Yialamas, Lucas"]
[Black "Bui, Bao Anh Le"]
[Result "1-0"]
[ECO "B90"]
[WhiteElo "1924"]
[BlackElo "1974"]
[Annotator "NA RC"]
[PlyCount "79"]
[EventDate "2018.05.19"]
[EventType "swiss"]
[EventCountry "GER"]
[SourceTitle "playchess.com"]
[Source "ChessBase"]
[SourceQuality "1"]
[TimeControl "40/4500+30:900+30"]

1. e4 c5 2. Nf3 d6 3. d4 cxd4 4. Nxd4 Nf6 5. Nc3 a6 6. Be3 e5 7. Nb3 Be6 8. f3 h5 9. Qd2 Nbd7 10. O-O-O b5 {[%emt 0:00:20] B90: Sicilian Najdorf: Unusual White 6th moves, 6 Be3 Ng4 and 6 Be3 e5} 11. Nd5 (11. Kb1 Be7 12. h4 O-O 13. Bg5 Rc8 14. a3 Qc7 15. g4 hxg4 16. fxg4 Nb6 17. Bxf6 Bxf6 18. g5 {½-½ (70) Yu,Y (2751)-Vachier Lagrave,M (2789) Riadh 2017}) 11... Bxd5 {[%emt 0:01:10] LiveBook: 7 Partien} 12. exd5 Rc8 13. Be2 $146 ({Predecessor:} 13. g3 Nb6 14. Bh3 Nc4 15. Qe2 Rc7 16. Kb1 g6 17. Bg5 Be7 18. Nd2 {1-0 (54) Delizia,C (2353)-Caradonna,G (2199) ICCF email 2013}) 13... Qc7 14. c3 Be7 15. Kb1 Nb6 16. Bxb6 Qxb6 17. h3 h4 18. Qg5 g6 19. Qd2 Nh5 20. Rhe1 Nf4 21. Bf1 Kf8 22. Re4 Bg5 23. Qc2 a5 24. Nc1 (24. a4 $142) 24... Rc5 ({Lieber} 24... f5 $17 25. Ree1 Kg7) 25. Nd3 Rxd5 26. Nxf4 Rxd1+ 27. Qxd1 Bxf4 28. Qb3 Ke7 29. Qxb5 Qxb5 30. Bxb5 Rb8 31. Bc6 Kd8 $16 (31... Rb6 $11 32. Bd5 Rb5) 32. Ra4 Kc7 33. Bd5 Kb6 34. Bxf7 g5 35. Kc2 Kb5 36. Re4 Kc6 37. Rc4+ Kb6 38. Bd5 Ka6 39. a4 Be3 40. Rc6+ 1-0

[Event "GER-ch Youth U12M 2018"]
[Site "Willingen"]
[Date "2018.05.24"]
[Round "8"]
[White "Laux, Dominik"]
[Black "Hecht, Jonas"]
[Result "1/2-1/2"]
[ECO "A45"]
[WhiteElo "1889"]
[BlackElo "1678"]
[Annotator "NA RC"]
[PlyCount "87"]
[EventDate "2018.05.19"]
[EventType "swiss"]
[EventCountry "GER"]
[SourceTitle "playchess.com"]
[Source "ChessBase"]
[SourceQuality "1"]
[TimeControl "40/4500+30:900+30"]

1. d4 Nf6 2. Bf4 e6 3. e3 c5 4. c3 {[%emt 0:00:23] A45: Damenbauernspiele (Trompowski-Angriff)} b6 (4... Nc6 5. Nd2 d5 6. Ngf3 Bd6 7. Bg3 O-O 8. Bb5 Be7 9. Bd3 b6 10. O-O Bb7 11. h3 Bd6 12. Bh4 Be7 13. Qb1 h6 14. a3 Nh5 15. Bxe7 Qxe7 {½-½ (64) Carlsen,M (2837)-Wang,H (2709) Riadh 2017}) 5. Nf3 Ba6 6. Bxa6 Nxa6 7. Nbd2 Be7 8. h3 O-O 9. O-O Qc8 10. Rc1 $146 ({Vorgänger:} 10. a4 Qb7 11. Qe2 Rfc8 12. Bg5 h6 13. Bh4 {½-½ (55) Kamsky,G (2670)-Dominguez Perez,L (2732) Sochi 2016}) 10... Rd8 11. Qe2 Qb7 12. Rfe1 Rac8 13. a3 Nc7 14. e4 d6 15. Nh2 Qa6 16. Qxa6 Nxa6 17. Nhf1 Nb8 18. f3 Nc6 19. Nb3 Rd7 20. Red1 d5 21. e5 Nh5 22. Be3 c4 23. Nbd2 g6 24. g4 Ng7 25. Ng3 a5 26. f4 b5 27. Kg2 Ra7 28. f5 Bf8 29. Rf1 Raa8 30. Rf3 b4 31. fxg6 fxg6 32. a4 Be7 33. Kf2 Rf8 34. Ke2 bxc3 35. Rxf8+ Rxf8 36. Rxc3 Rb8 37. b3 Bb4 38. Rc2 Bxd2 39. Kxd2 Rxb3 40. Rc3 Rb4 41. Ra3 {[%emt 0:15:30] [#]} Rb2+ $1 42. Ke1 Nb4 43. Kd1 Na2 $11 ({Black should try} 43... Rh2 $19 44. Bd2 Rxh3) 44. Bd2 1/2-1/2

[Event "GER-ch Youth U12M 2018"]
[Site "Willingen"]
[Date "2018.05.24"]
[Round "8"]
[White "Tham, Nam"]
[Black "Metzdorf, Matteo"]
[Result "1-0"]
[ECO "C11"]
[WhiteElo "1866"]
[BlackElo "1832"]
[Annotator "NA RC"]
[PlyCount "57"]
[EventDate "2018.05.19"]
[EventType "swiss"]
[EventCountry "GER"]
[SourceTitle "playchess.com"]
[Source "ChessBase"]
[SourceQuality "1"]
[TimeControl "40/4500+30:900+30"]

1. e4 e6 2. d4 d5 3. Nc3 Nf6 4. e5 Nfd7 5. f4 c5 6. Nf3 Nc6 7. Be3 a6 8. Qd2 b5 9. dxc5 Bxc5 10. Bxc5 Nxc5 11. Qf2 Qb6 12. Bd3 b4 13. Ne2 {[%emt 0:00:09] LiveBook: 185 Games} a5 14. O-O {[%emt 0:02:49] C11: French: Classical System: 4 e5 and 4 Bg5 dxe4} Rb8 (14... Ba6 15. f5 exf5 16. Nf4 O-O 17. Bxa6 Rxa6 18. Nxd5 Qa7 19. Kh1 Ne4 20. Qh4 Re8 21. Ng5 Nxg5 22. Qxg5 Nxe5 23. Rxf5 {½-½ (58) Bartel,M (2641)-Potkin,V (2597) Tallinn 2016}) 15. Kh1 b3 16. Ned4 $146 ({Predecessor:} 16. a3 bxc2 17. Bxc2 Ba6 18. Ng5 Nb3 19. Qf3 Bxe2 20. Qxe2 Ncd4 21. Qh5 g6 {0-1 (40) Ong,K (2371)-Lindberg,B (2359) Gothenburg 2005}) 16... Nxd3 17. cxd3 Nb4 18. axb3 Nxd3 19. Qe3 Ba6 20. Rfd1 Nb4 21. Rac1 O-O 22. Rc3 h6 (22... Rfc8 $14) 23. f5 Rfc8 24. f6 Rc7 $2 (24... Rxc3 $16 25. bxc3 Nc2) 25. fxg7 Kxg7 {[%emt 0:00:12] [#]} 26. Qf4 (26. Nxe6+ $142 $1 fxe6 (26... Qxe6 27. Rxc7) 27. Qxb6 Rxb6 28. Rxc7+ Kg6 29. Ra1) 26... Rg8 $18 (26... Rxc3 27. bxc3 Nd3 28. Qf6+ (28. Qh4 Rg8 $16) 28... Kg8) 27. Qf6+ Kh7 28. Nf5 Rg6 {[%emt 0:01:54] [#]} 29. Ng5+ $1 1-0

[Event "GER-ch Youth U12M 2018"]
[Site "Willingen"]
[Date "2018.05.24"]
[Round "8"]
[White "Eilenberg, Jonas"]
[Black "Farokhi, Keyvan"]
[Result "1-0"]
[ECO "D02"]
[WhiteElo "1852"]
[BlackElo "1844"]
[Annotator "NA"]
[PlyCount "99"]
[EventDate "2018.05.19"]
[EventType "swiss"]
[EventCountry "GER"]
[SourceTitle "playchess.com"]
[Source "ChessBase"]
[SourceQuality "1"]
[TimeControl "40/4500+30:900+30"]

1. d4 d5 2. Nf3 Nf6 3. Nbd2 e6 4. c4 Be7 5. e3 O-O 6. Bd3 Nbd7 7. O-O b6 8. b3 Bb7 9. Bb2 Ne4 {[%emt 0:03:16] D05: Colle System with ...e6} (9... c5 10. Rc1 Rc8 11. Qe2 cxd4 12. Nxd4 dxc4 13. Nxc4 Rc5 14. Rfd1 Qa8 15. f3 Re8 16. Ba3 Rxc4 17. Rxc4 Bxa3 18. Nb5 {1-0 (62) Nakamura,H (2785)-Karjakin,S (2781) Paris 2017}) 10. Qc2 Ndf6 11. Ne5 Nxd2 12. Qxd2 Ne4 13. Qc2 f6 (13... Nf6 $14) 14. Nf3 (14. cxd5 $16 Qxd5 15. f3) 14... f5 $146 ({Predecessor:} 14... Rc8 15. Rfd1 Qe8 16. cxd5 exd5 17. Rac1 Bd6 18. Qe2 {0-1 (50) Wunsch,J (2105)-Krtous,Z (1830) Czechia 2010}) 15. Rac1 c5 16. Rfd1 Qe8 17. Qe2 g5 18. Ne5 g4 19. Bxe4 dxe4 20. dxc5 bxc5 21. Nd7 Rd8 22. Nxf8 Qxf8 23. Rxd8 Bxd8 24. Qd2 Bc6 25. Rd1 Bc7 26. Qc3 e5 27. a3 a5 28. Rb1 Qd6 29. Qe1 Qe6 30. Rc1 f4 31. exf4 exf4 32. Qc3 Qh6 33. Qf6 Qxf6 34. Bxf6 Kf7 35. Bc3 h5 $18 36. g3 e3 37. Re1 exf2+ 38. Kxf2 fxg3+ 39. hxg3 h4 40. gxh4 g3+ 41. Kg1 g2 42. Be5 Bd8 43. Bg3 Bf6 44. Bf2 Bf3 45. Re3 Bc6 46. Rh3 Be7 47. h5 Kg7 48. h6+ Kh7 49. Rh5 Bf8 50. Bxc5 1-0

[Event "GER-ch Youth U12M 2018"]
[Site "Willingen"]
[Date "2018.05.24"]
[Round "8"]
[White "Haack, Kevin"]
[Black "Halabi, Ibrahim"]
[Result "1-0"]
[ECO "E09"]
[WhiteElo "1846"]
[BlackElo "1701"]
[Annotator "NA"]
[PlyCount "99"]
[EventDate "2018.05.19"]
[EventType "swiss"]
[EventCountry "GER"]
[SourceTitle "playchess.com"]
[Source "ChessBase"]
[SourceQuality "1"]
[TimeControl "40/4500+30:900+30"]

1. c4 e6 2. g3 d5 3. Bg2 Nf6 4. Nf3 c6 5. O-O Nbd7 6. d4 Be7 7. Qc2 O-O 8. Nbd2 h6 9. e4 dxe4 10. Nxe4 Nxe4 11. Qxe4 Nf6 {[%emt 0:00:05] E09: Katalanisch} (11... Bf6 12. Bf4 Re8 13. Rad1 Qe7 14. Rfe1 Nb6 15. Ne5 Bxe5 16. dxe5 Rb8 17. Rd6 c5 18. Be3 Qc7 19. Red1 Bd7 20. Qg4 Kf8 21. b3 Rbd8 22. Qe4 Bc6 23. Qh7 Bxg2 24. Rxd8 Rxd8 25. Bxc5+ {1-0 (25) Howell,D (2644)-Verma,A (2054) London 2016}) 12. Qc2 Bd6 13. b3 Bd7 14. Bb2 Rc8 15. Rad1 Qa5 $146 ({Vorgänger:} 15... Re8 16. Rfe1 Qa5 17. Ne5 Rcd8 18. a3 Bc8 19. b4 {1-0 (31) Pavlovic,D (2245)-Masovic,B Belgrade 2004}) 16. Ne5 Be8 17. Rfe1 Nd7 18. Bc3 Bb4 19. Bxb4 Qxb4 20. Nd3 Qb6 21. Nb2 Qc7 22. c5 b6 23. Nc4 b5 24. Nd6 Rd8 25. Qe4 Nb8 26. Rd3 Qe7 $18 27. Qf4 Na6 28. a3 Nc7 29. Nf5 Qd7 30. Bxc6 Nd5 31. Nxh6+ Kh8 32. Qh4 Qe7 33. Nxf7+ Kg8 34. Qxe7 Nxe7 35. Nxd8 Nxc6 36. Nxc6 Bxc6 37. Rxe6 Bd5 38. Re5 Rd8 39. Rxd5 Rxd5 40. c6 Rd8 41. d5 Kf7 42. d6 Ke6 43. c7 Rc8 44. d7 Rxc7 45. d8=Q Rc1+ 46. Kg2 Ra1 47. Re3+ Kf5 48. Qf8+ Kg6 49. g4 b4 50. Qf5+ 1-0

[Event "GER-ch Youth U12M 2018"]
[Site "Willingen"]
[Date "2018.05.24"]
[Round "8"]
[White "May, Ben-Iven"]
[Black "Bakiev, Diyor"]
[Result "1/2-1/2"]
[ECO "C90"]
[WhiteElo "1769"]
[BlackElo "1752"]
[Annotator "NA"]
[PlyCount "159"]
[EventDate "2018.05.19"]
[EventType "swiss"]
[EventCountry "GER"]
[SourceTitle "playchess.com"]
[Source "ChessBase"]
[SourceQuality "1"]
[TimeControl "40/4500+30:900+30"]

1. e4 e5 2. Nf3 Nc6 3. Bb5 a6 4. Ba4 Nf6 5. O-O Be7 6. Re1 b5 7. Bb3 O-O 8. c3 d6 9. d3 Bb7 10. Nbd2 Na5 11. Bc2 Re8 12. Nf1 Bf8 13. Ng3 g6 14. Bg5 Bg7 15. Qd2 c5 16. Bh6 Nd7 17. Bxg7 Kxg7 18. Rad1 Nf8 19. b3 f6 20. d4 Qc7 21. h4 Rad8 22. d5 Bc8 23. Rc1 Nb7 24. c4 b4 25. a4 Na5 26. Rb1 Qf7 27. Bd1 Nd7 28. Kh2 Rh8 29. Kg1 Rdg8 30. Rb2 Nb6 31. Rb1 h5 32. Kf1 Kf8 33. Kg1 g5 34. Rf1 Bg4 35. Qe3 Qg7 36. Be2 gxh4 37. Nxh4 Bxe2 38. Qxe2 Qg5 39. Nf3 Qg4 40. Nh2 Qxe2 41. Nxe2 h4 42. f4 Ke7 43. Kf2 Rg7 44. f5 Rhg8 45. Rg1 Rg3 46. Nf3 R3g4 47. Ke3 Rxg2 48. Rxg2 Rxg2 49. Nxh4 Rh2 50. Nf3 Rh3 51. Kf2 Rh7 52. Ke3 Rg7 53. Kf2 Rg4 54. Ke3 Rg2 55. Nh4 Rg4 56. Nf3 Nbxc4+ 57. bxc4 Nxc4+ 58. Kd3 Na3 59. Rb2 c4+ 60. Ke3 a5 61. Ra2 Kd7 62. Nd2 Kc7 63. Kf3 Rh4 64. Kg3 Rh1 65. Kf2 Kb6 66. Rxa3 bxa3 67. Nxc4+ Kc5 68. Nxa3 Ra1 69. Nc2 Rxa4 70. Ke3 Ra2 71. Kd3 Rb2 72. Kc3 Rb8 73. Nc1 a4 74. Nd3+ Kb6 75. Kb4 Rh8 76. Nce1 Ra8 77. Nc2 Rh8 78. Nce1 Rh4 79. Nf2 Rf4 80. Ned3 1/2-1/2

[Event "GER-ch Youth U12M 2018"]
[Site "Willingen"]
[Date "2018.05.24"]
[Round "8"]
[White "Lutz, Adam"]
[Black "Weidenhoefer, Max"]
[Result "1/2-1/2"]
[ECO "C01"]
[WhiteElo "1761"]
[BlackElo "1709"]
[Annotator "NA"]
[PlyCount "58"]
[EventDate "2018.05.19"]
[EventType "swiss"]
[EventCountry "GER"]
[SourceTitle "playchess.com"]
[Source "ChessBase"]
[SourceQuality "1"]
[TimeControl "40/4500+30:900+30"]

1. e4 e6 2. d4 d5 3. exd5 exd5 4. Bd3 Bd6 5. Ne2 Ne7 6. O-O O-O 7. Ng3 h6 8. Qh5 Nd7 9. Bxh6 gxh6 10. Qxh6 f5 11. Nxf5 Nxf5 12. Bxf5 Rxf5 13. Qg6+ Kh8 14. Qxf5 Nf6 15. Qg5 Bxh2+ 16. Kh1 Bd6 17. g3 Qf8 18. Kg2 Nh7 19. Rh1 Qf5 20. Qd8+ Kg7 21. Qh4 Be6 22. Nd2 Rf8 23. Qh6+ Kg8 24. Qe3 Nf6 25. Rae1 Bd7 26. Qh6 Nh7 27. Qe3 Nf6 28. Qh6 Nh7 29. Qe3 Re8 1/2-1/2

[Event "GER-ch Youth U12M 2018"]
[Site "Willingen"]
[Date "2018.05.24"]
[Round "8"]
[White "Garner, Isaac"]
[Black "Hommer, Jeremy"]
[Result "1/2-1/2"]
[ECO "C06"]
[WhiteElo "1751"]
[BlackElo "1897"]
[Annotator "NA RC"]
[PlyCount "81"]
[EventDate "2018.05.19"]
[EventType "swiss"]
[EventCountry "GER"]
[SourceTitle "playchess.com"]
[Source "ChessBase"]
[SourceQuality "1"]
[TimeControl "40/4500+30:900+30"]

1. e4 e6 2. d4 d5 3. Nd2 Nf6 4. e5 Nfd7 5. Bd3 c5 6. c3 Nc6 7. Ne2 cxd4 8. cxd4 f6 9. exf6 Qxf6 10. Nf3 h6 11. O-O Bd6 12. Re1 {[%emt 0:03:24] LiveBook: 3 Partien C06: French Tarrasch: 3...Nf6 4 e5 Nfd7 5 Bd3 main lines} O-O 13. Be3 Rd8 14. Nc3 Nf8 15. Rc1 Bd7 16. a3 Be8 17. Rc2 $146 ({Predecessor:} 17. h3 Bh5 18. Be2 Bf7 19. Na4 Ng6 20. Nc5 Rab8 21. Bb5 {½-½ (61) Alzate,D (2360)-Hjartarson,J (2585) New York 1997}) 17... Bh5 18. Be2 Rac8 19. h3 a6 20. Nh2 Bg6 21. Bd3 Bxd3 22. Qxd3 b5 23. Ng4 Qg6 24. Qxg6 Nxg6 25. Rec1 Na5 26. Ne2 Rxc2 27. Rxc2 Nc4 28. Bc1 Kf7 29. f4 Ne7 30. Ne5+ Bxe5 31. fxe5 g5 32. b3 Na5 33. Rc3 Rc8 34. Rxc8 Nxc8 35. b4 Nc4 36. g4 Ne7 37. Kf1 Nc6 38. Ke1 Ke7 39. Kd1 Kf7 40. Kc2 $11 Nb6 41. Kd3 1/2-1/2

[Event "GER-ch Youth U12M 2018"]
[Site "Willingen"]
[Date "2018.05.24"]
[Round "8"]
[White "Amato, Cristiano"]
[Black "Prieb, Robert"]
[Result "0-1"]
[ECO "B52"]
[WhiteElo "1681"]
[BlackElo "1709"]
[Annotator "NA"]
[PlyCount "94"]
[EventDate "2018.05.19"]
[EventType "swiss"]
[EventCountry "GER"]
[SourceTitle "playchess.com"]
[Source "ChessBase"]
[SourceQuality "1"]
[TimeControl "40/4500+30:900+30"]

1. e4 c5 2. Nf3 d6 3. Bb5+ Bd7 4. Bxd7+ Qxd7 5. O-O Nc6 6. c3 Nf6 7. d4 cxd4 8. cxd4 d5 9. e5 Ne4 10. Ne1 f6 11. f3 Ng5 12. Bxg5 fxg5 13. Nc3 e6 14. Qd2 Be7 15. a3 O-O 16. Nc2 Na5 17. Qe2 Rac8 18. Rab1 Nc4 19. Ne3 a6 20. Nxc4 Rxc4 21. Rfd1 Bxa3 22. bxa3 Rxc3 23. Qb2 Rc7 24. Rdc1 Rfc8 25. Kf2 h6 26. Rxc7 Rxc7 27. Rc1 Rxc1 28. Qxc1 Qc6 29. Qxc6 bxc6 30. Ke3 Kf7 31. Kd3 Ke7 32. Kc3 a5 33. Kb3 Kd7 34. Ka4 c5 35. Kxa5 Kc6 36. g3 h5 37. f4 gxf4 38. gxf4 g6 39. h4 cxd4 40. Kb4 Kb6 41. a4 d3 42. Kc3 Ka5 43. Kxd3 Kxa4 44. Kd4 Kb4 45. Kd3 Kc5 46. Kc3 d4+ 47. Kd3 Kd5 {[%emt 0:00:06] Kxd4+} 0-1